 Dungeon Crawl Stone Soup version 0.26-a0-958-gf3041fb45f (webtiles) character file.

Game seed: 7182239574701085540

6372 Dracia the Nimble (level 10, -3/67 HPs)
             Began as a Demonspawn Gladiator on Dec 1, 2020.
             Was a Believer of Makhleb.
             Slain by an orc warrior
             ... wielding a +0 war axe
              (21 damage)
             ... in a bailey.
             The game lasted 00:25:43 (13066 turns).

Dracia the Nimble (Demonspawn Gladiator)           Turns: 13066, Time: 00:25:44

Health: -3/67      AC:  7    Str: 17    XL:     10   Next: 65%
Magic:  13/13      EV: 17    Int: 12    God:    Makhleb [**....]
Gold:   1061       SH: 11    Dex: 15    Spells: 8/9 levels left

rFire    + + +     SeeInvis .   J - +7 great mace "Firestarter" {inner flame, rF++}
rCold    . . .     Faith    .   (shield currently unavailable)
rNeg     . . .     Spirit   .   L - +0 swamp dragon scales (curse)
rPois    +         Reflect  +   c - +2 helmet
rElec    .         Harm     .   K - scarf {+Inv}
rCorr    +         Rampage  .   C - +0 pair of gloves (curse)
MR       .....                  (no boots)
Stlth    +.........             r - amulet of reflection
HPRegen  0.21/turn              M - ring of resist corrosion
MPRegen  0.13/turn              (no ring)

@: flying
A: hooves 1, large bone plates 2, deformed body, fire resistance 2, strong 1,
evolution 1
a: Minor Destruction, Renounce Religion, Evoke Invisibility


You were in a bailey.
You worshipped Makhleb.
Makhleb was pleased with you.
You visited 2 branches of the dungeon, and saw 11 of its levels.
You also visited: Ossuary and Bailey.

You collected 1121 gold pieces.
You spent 60 gold pieces at shops.


Innate Abilities, Weirdness & Mutations

You have large cloven feet.
You are mostly covered in large bone plates. (SH +6)
Your flesh is very heat resistant. (rF++)
Armour fits poorly on your strangely shaped body.
Your muscles are strong. (Str +2)
You evolve.


   Skills:
 - Level 2.0 Fighting
 - Level 7.3(9.0) Axes
 + Level 0.6(4.5) Maces & Flails
 - Level 8.0(9.3) Polearms
 - Level 1.7 Throwing
 - Level 10.3 Dodging
 + Level 4.7 Invocations


You had 8 spell levels left.
You knew the following spells:

 Your Spells              Type           Power        Failure   Level
a - Animate Skeleton      Necr           #.....       52%         1

Your spell library contained the following spells:

 Spells                   Type           Power        Failure   Level
 Apportation              Tloc           #.....       52%         1
 Corona                   Hex            #......      52%         1
 Foxfire                  Conj/Fire      #...         52%         1
 Summon Small Mammal      Summ           #...         52%         1
 Conjure Flame            Conj/Fire      #.......     88%         3
 Inner Flame              Hex/Fire       #.......     88%         3
 Sticky Flame             Conj/Fire      #.......     99%         4
 Fireball                 Conj/Fire      #.........   100%        5

Inventory:

Hand Weapons
 a - a +0 trident
 o - a +3 vampiric trident
 v - a +0 scythe
 H - the +6 rapier "Ivoodaff" {vorpal, *Rage +Blink rElec Str+2}
   (You found it on level 5 of the Dungeon)

   It inflicts extra damage upon your enemies.
   It affects your strength (+2).
   It insulates you from electricity.
   It lets you blink.
   It may make you go berserk in combat.
 I - the +12 hand axe of Mana {pain, Str+3}
   (You found it on level 6 of the Dungeon)

   In the hands of one skilled in necromantic magic, it inflicts extra damage on
   living creatures.
   It affects your strength (+3).
 J - the +7 great mace "Firestarter" (weapon) {inner flame, rF++}
   (You found it on level 10 of the Dungeon)

   It has been specially enchanted to burn those struck by it, causing extra
   injury to most foes and up to half again as much damage against particularly
   susceptible opponents.
   It greatly protects you from fire.
Missiles
 d - 5 throwing nets (quivered) {=f}
Armour
 b - a +0 leather armour
 c - a +2 helmet (worn)
 i - a +0 cloak
 k - a +0 pair of gloves
 w - a cursed +0 robe
 A - a -1 helmet
 C - a cursed +0 pair of gloves (worn)
 K - a scarf of invisibility (worn)
 L - cursed +0 swamp dragon scales (worn)
Magical Staves
 u - an uncursed staff of air {!a, unknown}
 y - an uncursed staff of air {!a, unknown}
Jewellery
 h - an uncursed amulet of magic regeneration
 m - an uncursed amulet of guardian spirit
 r - an amulet of reflection (around neck)
 M - a ring of resist corrosion (left hand)
Wands
 D - a wand of disintegration (14)
 F - a wand of flame (17)
 G - a wand of random effects (23)
Scrolls
 e - 11 scrolls of identify {@r1}
 f - 5 scrolls of remove curse {@r2}
 j - 2 scrolls of magic mapping
 n - 5 scrolls of teleportation {@r4}
 p - a scroll of fog
 B - 4 scrolls of blinking
 E - a scroll of enchant weapon
Potions
 g - 3 potions of flight
 l - 5 potions of brilliance
 q - a potion of magic
 s - a potion of ambrosia {unknown}
 t - a potion of might
 x - 6 potions of curing {@q1}
 z - 3 potions of berserk rage {!q}
 N - a potion of heal wounds {@q2}

Dungeon Overview and Level Annotations

Branches:
Dungeon (10/15)            Temple (1/1) D:6            Lair (0/6) D:9
Ossuary (visited)          Bailey (1/1)
    Orc: D:9-12

Altars:
Ashenzari
Cheibriados
Dithmenos
Elyvilon
Fedhas
Gozag
Hepliaklqana
Kikubaaqudgha
Makhleb
Nemelex Xobeh
Okawaru
Qazlal
Ru
Sif Muna
Trog
Uskayaw
Vehumet
Wu Jian
Xom
Yredelemnul
Zin
The Shining One

Shops:
D:8 (   D:9 [ D:10

*! ####.....##
###.......##
####......∩..##
####.............#
###........≈≈≈≈≈≈≈≈≈#
##.......≈≈≈≈≈≈≈≈≈≈≈≈≈≈
#......≈≈≈≈≈#########≈≈≈
.....≈≈≈≈≈≈∩#gogo...#K≈≈
≈≈≈≈≈≈≈@.####.......# ##
≈≈≈≈KKoKK#KK####'####
#....go###...^ ..
##..... ..### .......
....⌠.. ....... #......


You could see 2 orc warriors, a gnoll and 4 kobolds.


Message History

The boomerang barely misses you.
The weapon returns to the kobold!
You block the kobold's attack. The kobold closely misses you.
You barely miss the hobgoblin.
You kick the hobgoblin, but do no damage.
The hobgoblin misses you. The kobold hits you.
The orc warrior completely misses you. You block the kobold's attack.
Unknown command.
Your swamp dragon scales prevents you from hitting the hobgoblin.
The hobgoblin misses you.
The kobold throws a boomerang.
You reflect the boomerang off an invisible shield around you!
The boomerang hits the orc warrior.
The weapon returns to the kobold!
You block the kobold's attack. The kobold closely misses you.
You block the orc warrior's attack.
The hobgoblin hits you but does no damage.
The kobold throws a boomerang.
The boomerang completely misses you. The kobold misses you.
The kobold hits you but does no damage.
You closely miss the hobgoblin.
You kick the hobgoblin, but do no damage.
The orc warrior completely misses you. The hobgoblin closely misses you.
The kobold throws a boomerang.
The boomerang misses you.
The weapon returns to the kobold!
The kobold hits you but does no damage. The kobold closely misses you.
The orc warrior hits you with a +0 war axe!!
* * * LOW HITPOINT WARNING * * *
You thump the hobgoblin! You burn the hobgoblin.
You kill the hobgoblin!
Makhleb accepts your kill.
You feel better. You block the kobold's attack.
The orc warrior hits you with a +0 war axe!!
You die...

Skill      XL: |  1  2  3  4  5  6  7  8  9 10 |
---------------+-------------------------------+-----
Polearms       | 3 4 5 6 8 |  8.0
Dodging        | 3 4 5 6 8 9 10 | 10.3
Axes           | 5 7 |  7.3
Invocations    | 4 |  4.7
Fighting       | |  2.0
Maces & Flails | |  0.6
Throwing       | |  1.7

Action                   |  1- 3 |  4- 6 |  7- 9 | 10-12 || total
-------------------------+-------+-------+-------+-------++-------
Melee: Trident           |   132 |   191 |   208 |       ||   531
       Kick              |    26 |    52 |   137 |    37 ||   252
       Scythe            |       |    24 |   148 |       ||   172
       Hand axe          |       |       |   186 |   151 ||   337
       Great mace        |       |       |       |    12 ||    12
  Use: Scroll            |     5 |       |     9 |     2 ||    16
       Potion            |     3 |       |     6 |     1 ||    10
 Stab: Sleeping          |     4 |       |       |       ||     4
       Distracted        |       |       |     1 |       ||     1
Armor: Leather armour    |    28 |    79 |    66 |     8 ||   181
       Swamp dragon scal |       |       |       |    20 ||    20
Dodge: Dodged            |    67 |   132 |   261 |   157 ||   617
Block: Other             |       |    41 |   221 |   121 ||   383
       Reflection        |       |     1 |     3 |    35 ||    39

Levels and vault maps discovered:
D:1:      psy_arrival_statuary, layout_loops_corners
D:2:      layout_basic, dk_noncrumbling_2, grunt_dithmenos_smoke
D:3:      layout_loops_ring
D:4:      minmay_chambers_of_fours, layout_basic, uniq_menkaure, uniq_robin,
          uniq_sigmund
D:5:      layout_basic, lemuel_doored_altar, enter_ossuary_2, basic_altar,
          minmay_fractal_squares_5
D:6:      layout_loops_cross, minmay_temple_entry_glass
D:7:      black_bear_nest_1, layout_basic, kennysheep_ying_yang, serial_glass,
          glass_columns_b, glass_columns_b, glass_columns_b, glass_columns_c,
          wad_floor_pattern_untrapped, nrook_mini_vaults,
          minmay_tree_intersection, minivault_26, minmay_nine_imps, uniq_maggie
D:8:      layout_basic, kennysheep_windowed_goal
D:9:      layout_basic, kiku_gazebo_pond_becter, dpeg_oklobed_lair,
          serial_shops, shop_statue
D:10:     layout_roguey, enter_bailey_6, serial_shops, shop,
          nicolae_shop_temple_entry_statues_fountains, shop, shop_fountains,
          minivault_20, chequers_serial_rivers_micro_b
Temple:   compressed_dpeg_circular_temple
Bailey:   bailey_axe_4, bailey

Notes
Turn   | Place    | Note
-------+----------+-------------------------------------------
     0 | D:1      | Dracia the Demonspawn Gladiator began the quest for the
                  | Orb.
     0 | D:1      | Reached XP level 1. HP: 16/16 MP: 1/1
   138 | D:1      | Reached skill level 3 in Polearms
   138 | D:1      | Reached skill level 3 in Dodging
   138 | D:1      | Gained mutation: You have large cloven feet. [demonic
                  | ancestry]
   138 | D:1      | Reached XP level 2. HP: 22/22 MP: 2/2
   634 | D:1      | Reached XP level 3. HP: 27/27 MP: 3/3
  1472 | D:2      | Found a shadowy altar of Dithmenos.
  1690 | D:2      | Reached XP level 4. HP: 33/33 MP: 4/4
  2160 | D:2      | Reached skill level 4 in Polearms
  2160 | D:2      | Reached skill level 4 in Dodging
  2705 | D:3      | Gained mutation: You are partially covered in large bone
                  | plates. (SH +4) [demonic ancestry]
  2705 | D:3      | Reached XP level 5. HP: 19/38 MP: 5/5
  3838 | D:4      | Gained mutation: Your flesh is heat resistant. (rF+)
                  | [demonic ancestry]
  3838 | D:4      | Reached XP level 6. HP: 42/44 MP: 6/6
  3954 | D:4      | Noticed Sigmund
  3990 | D:4      | Killed Sigmund
  3991 | D:4      | Reached skill level 5 in Polearms
  3991 | D:4      | Reached skill level 5 in Dodging
  4407 | D:4      | Noticed Robin
  4418 | D:4      | Reached XP level 7. HP: 38/50 MP: 7/7
  4433 | D:4      | Killed Robin
  4721 | D:4      | Noticed Menkaure
  4731 | D:4      | Killed Menkaure
  5385 | D:5      | Entered Level 5 of the Dungeon
  5423 | D:5      | Found a sand-covered staircase.
  5428 | Ossuary  | Entered an ossuary
  5461 | Ossuary  | Reached skill level 6 in Polearms
  5529 | Ossuary  | Reached skill level 6 in Dodging
  6029 | D:5      | Reached XP level 8. HP: 54/56 MP: 8/8
  6483 | D:5      | Reached skill level 7 in Polearms
  6483 | D:5      | Reached skill level 7 in Dodging
  7251 | D:5      | Found a burning altar of Makhleb.
  7276 | D:5      | Found a bloodstained altar of Trog.
  7459 | D:5      | Got a jewelled rapier
  7470 | D:5      | Identified the +6 rapier "Ivoodaff" {vorpal, *Rage +Blink
                  | rElec Str+2} (You found it on level 5 of the Dungeon)
  7770 | D:6      | Got an ebony hand axe
  7792 | D:6      | Identified the +12 hand axe of Mana {pain, Str+3} (You
                  | found it on level 6 of the Dungeon)
  7981 | D:6      | Reached skill level 8 in Polearms
  7985 | D:6      | Reached skill level 8 in Dodging
  8015 | D:6      | Found a staircase to the Ecumenical Temple.
  8110 | D:6      | Gained mutation: You are mostly covered in large bone
                  | plates. (SH +6) [demonic ancestry]
  8110 | D:6      | Reached XP level 9. HP: 60/61 MP: 9/9
  8111 | D:6      | Reached skill level 1 in Axes
  8587 | Temple   | Entered the Ecumenical Temple
  8709 | Temple   | Became a worshipper of Makhleb the Destroyer
  8747 | D:7      | Reached skill level 2 in Axes
  8988 | D:7      | Reached skill level 3 in Axes
  8999 | D:7      | Reached * piety under Makhleb
  9050 | D:7      | Reached skill level 9 in Dodging
  9229 | D:7      | Reached skill level 4 in Axes
  9481 | D:7      | Noticed Maggie
  9500 | D:7      | Killed Maggie
  9910 | D:7      | Reached skill level 5 in Axes
 10244 | D:7      | Found a basalt altar of Yredelemnul.
 10314 | D:7      | Found a white marble altar of Elyvilon.
 10434 | D:7      | Gained mutation: Armour fits poorly on your strangely
                  | shaped body. [potion of mutation]
 10434 | D:7      | Gained mutation: You evolve. [potion of mutation]
 10434 | D:7      | Gained mutation: Your flesh is very heat resistant. (rF++)
                  | [potion of mutation]
 10574 | D:8      | Reached XP level 10. HP: 48/67 MP: 10/10
 11093 | D:8      | Reached ** piety under Makhleb
 11168 | D:8      | Reached skill level 10 in Dodging
 11170 | D:8      | Gained mutation: Your muscles are strong. (Str +2)
                  | [evolution]
 11198 | D:8      | Found Burchilo's Weapon Shoppe.
 11562 | D:8      | Noticed a two-headed ogre
 11572 | D:8      | Killed a two-headed ogre
 11573 | D:8      | Reached skill level 6 in Axes
 11969 | D:9      | Reached skill level 1 in Invocations
 12048 | D:9      | Found a staircase to the Lair.
 12086 | D:9      | Reached skill level 2 in Invocations
 12087 | D:9      | Found Wismichu's Antique Armour Boutique.
 12137 | D:9      | Reached skill level 3 in Invocations
 12148 | D:9      | Learned a level 1 spell: Animate Skeleton
 12182 | D:9      | Reached skill level 7 in Axes
 12472 | D:9      | Reached skill level 4 in Invocations
 12705 | D:9      | Found an ancient bone altar of Kikubaaqudgha.
 12918 | D:10     | Entered Level 10 of the Dungeon
 12918 | D:10     | Found Gurott's Assorted Antiques.
 12934 | D:10     | Found the +7 great mace "Firestarter" {inner flame, rF++}
 12949 | D:10     | Found Jadimm's Distillery.
 12960 | D:10     | Bought a potion of heal wounds for 60 gold pieces
 12979 | D:10     | Found a flagged portal.
 13006 | Bailey   | Entered a bailey
 13066 | Bailey   | Slain by an orc warrior

Vanquished Creatures
  A two-headed ogre (D:8)
  Maggie (D:7)
  Sigmund (D:4)
  Menkaure (D:4)
  A water moccasin (D:10)
  5 orc warriors
  A hornet zombie (D:9)
  A sky beast (D:7)
  3 ice beasts
  2 black bears
  5 ogres
  2 centaurs
  3 bullfrogs
  2 elf zombies (Ossuary)
  2 big kobolds
  A gnoll sergeant (D:9)
  6 scorpions
  2 water moccasin skeletons (D:5)
  8 wights
  4 howler monkeys
  8 crimson imps (D:7)
  3 bullfrog zombies
  A centaur zombie (D:5)
  5 hounds
  10 orc wizards
  8 orc priests
  A centaur skeleton (D:4)
  2 iguanas
  3 human zombies (Ossuary)
  7 worker ants
  A big kobold zombie (Ossuary)
  A hound skeleton (D:4)
  2 mummies (Ossuary)
  A howler monkey zombie (D:8)
  A worker ant zombie (D:5)
  Robin (D:4)
  8 gnolls
  8 adders
  3 shadow imps
  4 white imps
  3 ufetubi (D:8)
  2 oozes (D:2)
  9 worms
  4 adder skeletons
  3 adder zombies
  4 dart slugs
  5 leopard geckos
  47 orcs
  8 giant cockroaches
  7 hobgoblins
  21 jackals
  15 kobolds
  4 quokkas
  A ball python (D:1)
  12 bats
  5 frilled lizards
  15 goblins
  A goblin zombie (Ossuary)
  14 hobgoblin zombies (Ossuary)
  2 jackal zombies
  6 kobold zombies (Ossuary)
  A leopard gecko skeleton (D:4)
  6 orc zombies (Ossuary)
  2 quokka skeletons
  A quokka zombie (D:6)
  4 rats (D:1)
  A rat zombie (Ossuary)
333 creatures vanquished.

Table legend: (Time is in decaauts)
 A = Elapsed time spent in this place.
 B = Non-inter-level travel time spent in this place.
 C = Inter-level travel time spent in this place.
 D = Time resting spent in this place.
 E = Time spent auto-exploring this place.
 F = Levels seen in this place.
 G = Mean time per level.
                   A        B        C        D        E       F      G
               +--------+--------+--------+--------+--------+-----+--------+
         Total |  13196 |  12811 |    385 |    869 |   9664 |  13 | 1015.1 |
       Dungeon |  12323 |  11951 |    372 |    869 |   9159 |  10 | 1232.3 |
        Temple |    134 |    122 |     12 |      0 |     87 |   1 |  134.0 |
       Ossuary |    676 |    676 |      0 |      0 |    413 |   1 |  676.0 |
        Bailey |     62 |     62 |      0 |      0 |      5 |   1 |   62.0 |
               +--------+--------+--------+--------+--------+-----+--------+

Top non-repeatable levels by time:
     D:2: 2006 daAuts
     D:7: 1765 daAuts
     D:5: 1719 daAuts
     D:4: 1643 daAuts
     D:8: 1386 daAuts
     D:1: 1145 daAuts
     D:9: 988 daAuts
     D:6: 899 daAuts
     D:3: 679 daAuts
 Ossuary: 676 daAuts
  Temple: 134 daAuts
    D:10: 89 daAuts
  Bailey: 62 daAuts

Table legend:
 A = Non-vault XP
 B = Vault XP
 C = Vault XP percentage of total XP
 D = Non-vault monster count
 E = Vault monster count
 F = Vault count percentage of total count
                 A         B        C        D         E       F
            +---------+---------+-------+---------+---------+-------
      Total |    6964 |    2141 |  23.5 |     257 |      76 |  22.8
            +---------+---------+-------+---------+---------+-------
        D:1 |      61 |       0 |   0.0 |      29 |       0 |   0.0
        D:2 |     223 |       0 |   0.0 |      45 |       0 |   0.0
        D:3 |      81 |       0 |   0.0 |      17 |       0 |   0.0
        D:4 |     169 |     481 |  74.0 |       8 |      16 |  66.7
        D:5 |     656 |     202 |  23.5 |      26 |       5 |  16.1
        D:6 |     767 |       0 |   0.0 |      37 |       0 |   0.0
        D:7 |    1430 |     947 |  39.8 |      36 |      11 |  23.4
        D:8 |    1791 |     102 |   5.4 |      21 |       3 |  12.5
        D:9 |    1478 |       0 |   0.0 |      35 |       0 |   0.0
       D:10 |     308 |       0 |   0.0 |       3 |       0 |   0.0
    Ossuary |       0 |     405 | 100.0 |       0 |      38 | 100.0
     Bailey |       0 |       4 | 100.0 |       0 |       3 | 100.0
            +---------+---------+-------+---------+---------+-------
